 Dungeon Crawl Stone Soup version 0.26.0-10-g1f06aea511 (webtiles) character file.

Game seed: 9060564672919836479

117 trm the Conjurer (level 4, -3/33 HPs)
             Began as a Demonspawn Conjurer on Jan 21, 2021.
             Killed by divine providence
             ... invoked by an orc priest
              (16 damage)
             ... on level 3 of the Dungeon.
             The game lasted 00:03:56 (3193 turns).

trm the Conjurer (Demonspawn Conjurer)              Turns: 3193, Time: 00:03:57

Health: -3/33      AC:  4    Str:  8    XL:     4   Next: 71%
Magic:  1/8        EV: 12    Int: 20    God:
Gold:   138        SH:  0    Dex: 11    Spells: 6/9 levels left

rFire    . . .     SeeInvis .   c - +2 dagger (venom)
rCold    . . .     Faith    .   (no shield)
rNeg     . . .     Spirit   .   a - +0 robe
rPois    .         Reflect  .   (no helmet)
rElec    .         Harm     .   (no cloak)
rCorr    .         Rampage  .   (no gloves)
Will     +....                  (no boots)
Stlth    ++........             (no amulet)
HPRegen  0.11/turn              o - ring of wizardry
MPRegen  0.11/turn              l - ring of willpower

@: no status effects
A: claws 1, yellow scales 1
a: no special abilities


You were on level 3 of the Dungeon.
You visited 1 branch of the dungeon, and saw 3 of its levels.

You collected 138 gold pieces.

Inventory:

Hand Weapons
 b - a +0 whip
 c - a +2 dagger of venom (weapon)
Armour
 a - a +0 robe (worn)
Jewellery
 l - a ring of willpower (right claw)
 o - a ring of wizardry (left claw)
Scrolls
 e - a scroll of fog {unknown}
 f - a scroll of teleportation {unknown}
 i - 2 scrolls of immolation {unknown}
 j - a scroll of blinking {unknown}
 k - a scroll of enchant armour {unknown}
 m - 2 scrolls of identify {unknown}
Potions
 d - 3 potions of curing {unknown}
 g - a potion of heal wounds {unknown}
 h - a potion of mutation {unknown}
 n - a potion of cancellation {unknown}
 p - a potion of resistance {unknown}


   Skills:
 + Level 2.3 Fighting
 - Level 1.7 Dodging
 - Level 1.7 Stealth
 + Level 3.1 Spellcasting
 + Level 4.8 Conjurations


You had 6 spell levels left.
You knew the following spells:

 Your Spells              Type           Power        Failure   Level
a - Magic Dart            Conj           88%          1%          1
b - Searing Ray           Conj           44%          1%          2

Your spell library contained the following spells:

 Spells                   Type           Power        Failure   Level
 Dazzling Flash           Conj/Hex       24%          6%          3
 Fulminant Prism          Conj/Hex       6%           21%         4
 Iskenderun's Mystic Bla  Conj/Tloc      12%          21%         4


Dungeon Overview and Level Annotations

Branches:
Dungeon (3/15)

Altars:
Qazlal


Innate Abilities, Weirdness & Mutations

You have sharp fingernails.
You are partially covered in yellow scales. (AC +2)


Message History

HP restored.
Done exploring.
You climb downwards.
The orc misses you. The orc barely misses you.
There is a stone staircase leading up here.
The searing ray hits the orc!
You kill the orc! (Press . to maintain the ray.)
The orc priest hits you with a +0 flail.
The searing ray hits the orc priest.
The orc priest is heavily wounded. (Press . to maintain the ray.)
The orc priest hits you with a +0 flail.
The searing ray misses the orc priest.
The orc priest calls down the wrath of Beogh upon you.
Beogh smites you!
The searing ray hits the orc priest!
The orc priest is almost dead.
The orc priest mumbles some strange prayers to Beogh against you.
Beogh smites you!
You die...

.......#........#
.......#........#...#
........... .... ...+
..........# #..# ...#
..........# #..# ...#
###.......###..##...##
.....................###
........##+##...).......
........# #.>o@.......
........+ +......#....
........# #......# .
.......o##+##......#
.†..........)........
........).............
†..............#.......
...............##......
...............#


You could see an orc priest.

Vanquished Creatures
  5 adders
  A worm (D:2)
  A dart slug (D:1)
  A leopard gecko (D:1)
  3 orcs (D:3)
  3 giant cockroaches (D:1)
  10 goblins
  8 hobgoblins
  5 jackals
  5 kobolds (D:1)
  A quokka (D:3)
  5 bats
  8 frilled lizards
  6 rats
62 creatures vanquished.

Notes
Turn   | Place    | Note
-------+----------+-------------------------------------------
     0 | D:1      | trm the Demonspawn Conjurer began the quest for the Orb.
     0 | D:1      | Reached XP level 1. HP: 13/13 MP: 3/3
     3 | D:1      | Noticed an electric eel
     3 | D:1      | Noticed an electric eel
   450 | D:1      | Gained mutation: You are partially covered in yellow
                  | scales. (AC +2) [demonic ancestry]
   450 | D:1      | Reached XP level 2. HP: 12/20 MP: 0/5
   457 | D:1      | Learned a level 2 spell: Searing Ray
   616 | D:1      | Reached skill level 1 in Fighting
  1255 | D:1      | Gained mutation: You have sharp fingernails. [demonic
                  | ancestry]
  1255 | D:1      | Reached XP level 3. HP: 26/26 MP: 6/6
  1598 | D:2      | Found a faded altar of an unknown god.
  2399 | D:2      | Reached XP level 4. HP: 33/33 MP: 5/8
  2604 | D:3      | Found a stormy altar of Qazlal.
  3193 | D:3      | Killed from afar by an orc priest

Illustrated notes

Levels and vault maps discovered:
D:1:      arrival_aquarium_b, layout_loops_ring, minmay_indecisive_spiral
D:2:      layout_loops_ring, chequers_ecumenical_altar_simple
D:3:      layout_basic, nicolae_qazlal_general_emergency, minmay_liquid_box,
          minmay_snake_closets, uniq_crazy_yiuf_cottage

Skill      XL: |  1  2  3  4 |
---------------+-------------+-----
Fighting       | 1 2 |  2.3
Spellcasting   | 3 |  3.1
Dodging        | |  1.7
Stealth        | |  1.7
Conjurations   | |  4.8

Action                   |  1- 3 |  4- 6 || total
-------------------------+-------+-------++-------
Melee: Unarmed           |    16 |       ||    16
       Dagger            |    44 |       ||    44
       Whip              |    15 |       ||    15
 Cast: Magic Dart        |    19 |       ||    19
       Searing Ray       |    13 |    15 ||    28
 Stab: Sleeping          |     2 |       ||     2
Armor: Robe              |    22 |     1 ||    23
Dodge: Dodged            |    64 |     7 ||    71
